Map: Heavy Artillery LE

Players

Massa

  • Race: Terran Terran
  • League: Platinum
  • Spawn Location: 3:00

qqq

  • Race: Zerg Zerg
  • Spawn Location: 1:00

OneBlueRhino

  • Race: Terran Terran
  • League: Diamond
  • Spawn Location: 7:00

OnePurpleBee

  • Race: Zerg Zerg
  • League: Diamond
  • Spawn Location: 7:00

VOD

Have the link to the VOD?

Description

Time

  • Played on: Feb. 3, 2021, 3:41 p.m.
  • Length: 8:51
Show
View Real Time Build Order
Export as new Build Order

Massa Terran 

Build Orders: Reaper Expand 

Get SALT Encoding   

  12  0:07  SCV  
  13  0:19  SCV, Supply Depot  
  14  0:31  SCV  
  15  0:42  Barracks  
  15  0:44  SCV  
  16  0:53  Refinery  
  16  0:56  SCV  
  17  1:06  Refinery  
  17  1:08  SCV  
  18  1:20  SCV  
  19  1:34  Orbital Command  
  19  1:38  Reaper  
  20  1:47  Ghost Academy  
  20  2:10  Marine  
  20  2:12  Command Center  
  21  2:21  SCV  
  22  2:43  Supply Depot  
  22  2:48  SCV  
  22  2:50  Barracks Tech Lab  
  23  2:53  Engineering Bay  
  23  2:54  Personal Cloaking  
  23  3:07  Supply Depot  
  23  3:09  SCV  
  24  3:15  Factory  
  24  3:18  Marine  
  25  3:27  Orbital Command, SCV  
  26  3:39  SCV  
  27  3:55  Marine  
  28  3:57  SCV  
  28  3:58  SCV  
  28  4:01  Barracks  
  30  4:09  SCV  
  31  4:10  SCV  
  31  4:12  Ghost  
  31  4:13  Supply Depot  
  34  4:17  Ghost Academy  
  34  4:20  Nuke  
  34  4:22  SCV  
  35  4:35  Factory Reactor  
  35  4:41  Marine  
  35  4:43  SCV x2  
  38  4:47  Starport  
  38  4:48  Missile Turret  
  38  4:51  Missile Turret  
  38  4:52  Nuke  
  38  4:55  SCV  
  38  4:59  Ghost  
  41  5:00  Barracks Reactor  
  41  5:13  Widow Mine  
  43  5:15  SCV x2  
  43  5:20  Refinery  
  45  5:24  Widow Mine  
  45  5:27  SCV x2, Ghost  
  51  5:37  Medivac  
  51  5:39  SCV  
  51  5:40  Widow Mine  
  56  5:43  SCV  
  56  5:47  Refinery  
  56  5:49  Command Center  
  57  5:51  SCV  
  57  5:52  Barracks  
  57  5:55  SCV  
  57  5:56  Marine x2  
  61  6:02  Supply Depot  
  61  6:04  Supply Depot  
  61  6:06  Terran Infantry Weapons Level 1  
  61  6:08  Marauder  
  45  6:33  SCV x2  
  47  6:45  SCV x2  
  49  6:50  Missile Turret  
  42  6:57  SCV  
  23  7:31  Marauder, Marine x3  
  28  7:38  SCV  
  29  7:53  Marauder  
  31  8:00  Widow Mine x2  
  32  8:14  Marauder, Marine x2  
  35  8:21  Widow Mine  
Show
View Real Time Build Order
Export as new Build Order

qqq Zerg 

Build Orders: Hatch First 

Get SALT Encoding   

  12  0:00  Drone  
  13  0:11  Drone  
  14  0:20  Overlord  
  14  0:47  Drone  
  15  0:50  Hatchery, Drone  
  15  0:57  Drone  
  16  1:18  Extractor  
  16  1:19  Spawning Pool  
  14  1:26  Drone x2  
  14  1:27  Drone  
  17  1:43  Drone  
  18  1:54  Hatchery  
  18  1:57  Drone  
  18  2:01  Extractor  
  17  2:04  Drone  
  17  2:08  Drone  
  19  2:19  Queen  
  21  2:24  Drone  
  21  2:26  Drone  
  23  2:32  Metabolic Boost  
  23  2:41  Overlord  
  23  2:46  Drone x2  
  25  2:59  Queen, Overlord  
  25  3:02  Zergling x2  
  28  3:06  Drone  
  28  3:08  Drone  
  28  3:10  Zergling x2  
  31  3:13  Zergling x2  
  31  3:15  Zergling x2  
  31  3:18  Zergling x2  
  34  3:23  Evolution Chamber  
  34  3:25  Drone  
  34  3:27  Zergling x2  
  34  3:29  Zergling x2  
  34  3:32  Zergling x2  
  37  3:34  Zergling x2  
  37  3:39  Zergling x2  
  37  3:40  Drone  
  40  3:41  Zergling x2  
  40  3:45  Zergling x2  
  42  3:49  Overlord  
  42  3:55  Lair  
  42  4:02  Overlord  
  42  4:05  Extractor  
  42  4:09  Zergling x4  
  44  4:10  Drone, Zergling x2  
  42  4:21  Drone x2, Zergling x4  
  42  4:22  Zergling x2  
  41  4:30  Zergling x2  
  41  4:31  Zergling x6  
  41  4:37  Drone  
  44  4:39  Drone x2  
  46  4:45  Zerg Melee Weapons Level 1  
  43  4:59  Drone, Spire  
  43  5:00  Drone x2  
  43  5:04  Extractor  
  44  5:08  Drone x2  
  44  5:09  Drone x3, Extractor  
  44  5:11  Drone  
  49  5:19  Infestation Pit  
  48  5:21  Drone  
  48  5:22  Drone x2  
  48  5:25  Drone  
  52  5:30  Overlord  
  52  5:32  Overlord  
  52  5:34  Drone  
  53  5:36  Drone  
  53  5:37  Drone  
  53  5:40  Drone  
  53  5:42  Drone  
  57  5:43  Drone  
  57  5:47  Overlord  
  58  5:53  Drone x3  
  58  5:54  Drone  
  62  6:00  Hive  
  62  6:03  Overlord  
  62  6:11  Mutalisk x2  
  62  6:12  Mutalisk  
  68  6:20  Spore Crawler  
  68  6:21  Mutalisk  
  68  6:25  Spore Crawler x2  
  68  6:27  Spore Crawler  
  68  6:32  Mutalisk  
  63  6:43  Mutalisk  
  59  6:48  Mutalisk  
  59  6:50  Drone  
  59  6:51  Drone x7  
  59  6:52  Drone x2  
  59  6:53  Extractor  
  70  6:54  Extractor  
  70  6:58  Queen  
  71  7:01  Mutalisk  
  71  7:04  Drone x2  
  75  7:10  Mutalisk  
  75  7:11  Overlord  
  77  7:16  Drone x2  
  79  7:29  Viper  
  82  7:31  Mutalisk  
  82  7:34  Drone x4  
  88  7:41  Drone  
  89  7:44  Hatchery  
  89  7:46  Mutalisk x2  
  84  7:59  Mutalisk  
  84  8:00  Mutalisk  
  88  8:06  Mutalisk  
  88  8:07  Drone x2  
  92  8:16  Mutalisk x2  
  96  8:23  Overlord x2  
  96  8:24  Overlord x2  
  95  8:33  Overlord x2  
Show
View Real Time Build Order
Export as new Build Order

OneBlueRhino Terran 

Build Orders: 2 Factory, Mech 

Get SALT Encoding   

  12  0:00  SCV  
  13  0:12  SCV  
  14  0:17  Supply Depot  
  14  0:24  SCV  
  15  0:39  SCV  
  15  0:40  Barracks  
  16  0:46  Refinery  
  16  0:51  SCV  
  17  1:03  SCV  
  18  1:15  SCV  
  19  1:27  Orbital Command  
  19  1:28  Marine  
  20  1:41  Command Center  
  20  1:46  Marine  
  21  1:54  SCV, Supply Depot  
  22  2:05  Marine  
  23  2:16  SCV, Factory  
  23  2:22  Marine  
  24  2:28  SCV  
  26  2:30  Refinery  
  26  2:33  Factory  
  26  2:40  SCV, Marine  
  28  2:52  SCV  
  28  2:55  Orbital Command  
  28  2:58  Marine  
  29  3:00  Factory Tech Lab  
  29  3:04  SCV  
  31  3:10  Armory  
  31  3:16  Marine  
  31  3:17  Factory Reactor  
  31  3:19  Hellion  
  34  3:22  SCV x2  
  36  3:27  Refinery  
  36  3:34  SCV x2  
  36  3:35  Marine  
  36  3:36  Supply Depot  
  36  3:40  Hellion  
  41  3:42  Infernal Pre-Igniter  
  41  3:46  SCV  
  41  3:47  SCV  
  43  3:56  Marine  
  43  3:58  SCV  
  43  3:59  SCV, Hellbat  
  48  4:08  Supply Depot  
  48  4:10  SCV  
  48  4:11  SCV  
  48  4:12  Hellbat  
  48  4:14  Marine  
  53  4:18  Hellbat  
  53  4:23  Hellbat  
  48  4:33  Hellbat  
  50  4:38  Factory  
  50  4:42  Barracks  
  50  4:43  Hellbat  
  50  4:44  Marine, Hellbat  
  55  4:46  SCV x2  
  56  4:58  SCV x2  
  58  5:00  Refinery  
  58  5:03  Marine  
  58  5:04  Supply Depot  
  58  5:06  Hellbat  
  61  5:09  Terran Vehicle Weapons Level 1  
  61  5:10  SCV  
  62  5:26  SCV x2  
  64  5:35  Factory  
  64  5:36  Factory Tech Lab  
  64  5:38  SCV  
  64  5:39  SCV  
  64  5:40  Command Center  
  66  5:49  Supply Depot  
  66  5:50  SCV, Engineering Bay  
  66  5:51  SCV  
  68  6:02  SCV  
  68  6:03  SCV  
  70  6:11  Thor  
  76  6:12  Supply Depot  
  76  6:31  Starport  
  76  6:33  Starport  
  76  6:34  Factory Tech Lab, Thor  
  76  6:35  Supply Depot  
  76  6:37  SCV x2  
  84  6:45  Missile Turret  
  84  6:48  Missile Turret  
  84  6:49  Missile Turret  
  84  6:50  Missile Turret  
  84  6:54  Missile Turret  
  84  6:55  Missile Turret  
  84  6:58  Missile Turret  
  84  7:02  Missile Turret  
  84  7:04  Planetary Fortress  
  84  7:18  Starport Tech Lab  
  84  7:19  Starport Tech Lab  
  84  7:28  Missile Turret  
  84  7:31  Missile Turret  
  84  7:33  Missile Turret x2  
  84  7:35  SCV x2, Missile Turret  
  86  7:40  SCV  
  86  7:43  Medivac  
  89  7:45  Medivac  
  89  7:47  SCV x2  
  93  7:51  Thor, Missile Turret  
  93  7:53  SCV  
  99  8:03  Barracks Reactor  
  99  8:11  Barracks Tech Lab  
  99  8:13  Viking  
  99  8:15  Viking  
  109  8:22  Supply Depot x2  
Show
View Real Time Build Order
Export as new Build Order

OnePurpleBee Zerg 

Build Orders: Hatch First 

Get SALT Encoding   

  12  0:00  Drone  
  13  0:08  Drone  
  14  0:16  Overlord  
  14  0:34  Drone x3  
  17  0:45  Drone  
  18  0:57  Hatchery  
  18  0:59  Drone  
  18  1:06  Extractor  
  17  1:17  Drone  
  17  1:18  Spawning Pool  
  17  1:21  Drone  
  18  1:29  Drone  
  19  1:39  Drone  
  20  1:49  Overlord  
  20  2:03  Drone  
  20  2:07  Queen  
  23  2:10  Drone  
  23  2:11  Queen  
  23  2:14  Drone  
  27  2:20  Drone  
  28  2:27  Drone  
  28  2:28  Extractor  
  28  2:32  Drone  
  28  2:37  Drone  
  30  2:41  Drone  
  31  2:46  Lair  
  31  2:50  Drone  
  32  2:54  Extractor, Drone x2  
  33  3:00  Extractor  
  33  3:04  Drone  
  33  3:05  Drone  
  34  3:18  Drone x2  
  36  3:21  Overlord  
  36  3:22  Hatchery  
  35  3:29  Drone, Overlord  
  36  3:40  Drone  
  37  3:41  Drone  
  37  3:42  Drone x3  
  41  3:51  Spire  
  41  3:53  Drone  
  41  3:55  Drone  
  42  3:57  Drone  
  42  4:00  Drone  
  42  4:02  Drone  
  45  4:05  Drone  
  45  4:07  Drone  
  47  4:11  Overlord  
  47  4:15  Overlord  
  47  4:21  Zergling x4  
  49  4:40  Overlord  
  49  4:44  Metabolic Boost  
  49  4:51  Zergling x10  
  54  5:03  Mutalisk x3, Zerg Flyer Weapons Level 1  
  54  5:04  Mutalisk x4  
  54  5:06  Mutalisk  
  68  5:10  Mutalisk  
  68  5:11  Mutalisk  
  74  5:16  Drone x2  
  74  5:18  Drone  
  74  5:19  Drone  
  79  5:21  Drone  
  79  5:26  Queen  
  81  5:28  Drone  
  82  5:48  Overlord x4  
  82  5:56  Overlord x2  
  82  6:10  Mutalisk x4  
  82  6:11  Mutalisk x2  
  92  6:34  Mutalisk x3  
  98  6:51  Mutalisk x2  
  98  6:53  Zergling x2  
  98  6:54  Zergling x10  
  105  7:01  Zergling x2  
  107  7:09  Overseer  
  107  7:13  Overseer  
  107  7:14  Pneumatized Carapace  
  99  7:34  Spore Crawler  
  98  7:39  Zergling x2  
  98  7:40  Zergling x14  
  106  7:58  Mutalisk x3  
  106  8:05  Hatchery  
Tags
 
Add a new tag
Caveats
  • Supply blocks, unpowered buildings, or Contaminate may cause inaccurate times.
  • Supply counts are checked every 10 seconds.